 Dungeon Crawl Stone Soup version 0.30.0-10-gfe55d96785 (webtiles) character file.

Game seed: 8941074721735597265

10 CaptainMV the Gusty (level 2, 0/19 HPs)
             Began as a Demonspawn Air Elementalist on May 15, 2023.
             Slain by a jackal (3 damage)
             ... on level 1 of the Dungeon.
             The game lasted 00:02:09 (275 turns).

CaptainMV the Gusty (Demonspawn Air Elementalist)    Turns: 275, Time: 00:02:09

Health: 0/19       AC:  2    Str:  8    XL:     2   Next: 10%
Magic:  2/5        EV: 12    Int: 16    God:
Gold:   19         SH:  0    Dex: 13    Spells: 4/5 levels left

rFire   . . .        a - +0 dagger
rCold   . . .        (no shield)
rNeg    . . .        d - +0 robe
rPois   .            (no helmet)
rElec   .            (no cloak)
rCorr   .            (no gloves)
SInv    .            (no boots)
Will    .....        (no amulet)
Stlth   ++           (no ring)
HPRegen 0.23/turn    (no ring)
MPRegen 0.18/turn

%: no passive effects
@: no status effects
A: magic regeneration
a: no special abilities


You were on level 1 of the Dungeon.
You visited 1 branch of the dungeon, and saw 1 of its levels.

You collected 19 gold pieces.

Inventory:

Hand Weapons
 a - a +0 dagger (weapon)
Armour
 d - a +0 robe (worn)
Jewellery
 e - a ring of fire
Potions
 b - a potion of magic
 c - a potion of attraction {unknown}


   Skills:
 + Level 0.1 Short Blades
 + Level 1.9 Dodging
 + Level 1.8 Stealth
 + Level 2.1 Spellcasting
 + Level 1.2 Conjurations
 + Level 2.9 Air Magic


You had 4 spell levels left.
You knew the following spells:

 Your Spells              Type           Power      Damage    Failure   Level
a - Shock                 Conj/Air       32%        1d5       9%          1

Your spell library contained the following spells:

 Spells                   Type           Power      Damage    Failure   Level
 Static Discharge         Conj/Air       16%        2-3/arc   13%         2
 Swiftness                Air            11%        N/A       19%         3
 Airstrike                Air            5%         2d(1-17)  52%         4


Dungeon Overview and Level Annotations

Branches:
Dungeon (1/15)

Altars:


Innate Abilities, Weirdness & Mutations

You regenerate magic rapidly.


Message History

The jackal closely misses you.
The jackal bites you but does no damage.
You barely miss the jackal.
The jackal is severely wounded.
The jackal bites you. The jackal barely misses you.
The jackal closely misses you. x2
You hit the jackal.
The jackal is almost dead.
The jackal bites you. The jackal barely misses you. x2
You hit the jackal.
You kill the jackal!
The jackal closely misses you. The jackal bites you. The jackal misses you.
The jackal bites you.
You have reached level 2!
Your demonic ancestry asserts itself...
Your magic begins to regenerate rapidly.
You hit the jackal.
The jackal is heavily wounded.
The jackal bites you but does no damage. x2
You hit the jackal.
You kill the jackal!
The jackal barely misses you.
You closely miss the jackal. The jackal closely misses you. x2
You closely miss the jackal.
The jackal bites you but does no damage.
You hit the jackal.
The jackal is heavily wounded.
The jackal closely misses you. The jackal barely misses you.
You hit the jackal.
The jackal is almost dead.
The jackal bites you.
* * * LOW HITPOINT WARNING * * *
You barely miss the jackal.
The jackal is almost dead.
The jackal bites you.
* * * LOW HITPOINT WARNING * * *
You closely miss the jackal. You punch the jackal, but do no damage.
The jackal is almost dead.
The jackal bites you.
You die...

########## #...)....###
#######.#........#
#.....#.#........#
#.###.#.#....†@..# ###.#
#.#.######h### ..#.#
#.#.# #.....h.. ..#.#
#.#.# #........ ..#.#
#.#.# ##......$
..#.###.#.#########..##.
..#.#...#.........#..#
..'....)..............
..#.#.............# .#.


You could see a jackal.

Vanquished Creatures
  An endoplasm (D:1)
  3 goblins (D:1)
  3 jackals (D:1)
  A kobold (D:1)
8 creatures vanquished.

Notes
Turn   | Place    | Note
-------+----------+-------------------------------------------
     0 | D:1      | CaptainMV the Demonspawn Air Elementalist began the quest
                  | for the Orb.
     0 | D:1      | Reached XP level 1. HP: 13/13 MP: 3/3
   268 | D:1      | Gained mutation: You regenerate magic rapidly. [demonic
                  | ancestry]
   268 | D:1      | Reached XP level 2. HP: 7/19 MP: 1/5
   275 | D:1      | Slain by a jackal

Illustrated notes

Levels and vault maps discovered:
D:1:      wander_arrival_fairy_ring, layout_basic

Action                     || total
---------------------------++-------
  Melee: Dagger            ||    19
         Unarmed           ||     5
         Punch             ||     1
   Cast: Shock             ||    10
    Use: Scroll            ||     1
 Armour: Robe              ||     5
  Dodge: Dodged            ||    18
